 Dungeon Crawl Stone Soup version 0.14-a0-1590-g25a9b7f (webtiles) character file.

231 Piginabag the Bolt Thrower (level 5, -2/34 HPs)
             Began as a Formicid Hunter on Dec 24, 2013.
             Slain by a green rat (4 damage)
             ... in a sewer.
             The game lasted 00:04:43 (2231 turns).

Piginabag the Bolt Thrower (Formicid Hunter)        Turns: 2231, Time: 00:04:43

HP  -2/34        AC  4     Str 18      XL: 5   Next: 71%
MP   5/5         EV  8     Int 10      God:
Gold 95          SH 14     Dex 11      Spells:  0 memorised,  4 levels left

rFire  . . .     SeeInvis +     b - +1 crossbow
rCold  . . .     Clarity  .     d - +0 leather armour
rNeg   . . .     Conserve .     k - +0 shield
rPois  x         rCorr    .     (helmet unavailable)
rElec  .         rRot     .     (no cloak)
SustAb . .       Spirit   .     (no gloves)
rMut   .         Warding  .     (no boots)
Saprov . . .     Stasis   +     (no amulet)
                                (no ring)
                                (no ring)

@: slightly resistant to hostile enchantments, unstealthy
A: permanent stasis, dig shafts and tunnels, four strong arms, poison weakness,
antennae 3, exoskeleton 1
a: Dig, Shaft Self


You were in a sewer.
You were hungry.

You visited 1 branch of the dungeon, and saw 3 of its levels.
You also visited: Sewer.

You collected 95 gold pieces.

Inventory:

Hand weapons
 b - a +1,+1 crossbow (weapon)
 s - a -3,-2 hand axe
Missiles
 c - 12 bolts (quivered)
 C - 23 bolts of penetration
Armour
 d - a +0 leather armour (worn)
 k - a +0 shield (worn)
Comestibles
 f - 2 bread rations
 n - a meat ration
 v - a lychee
 A - a pear
Scrolls
 e - 3 scrolls of remove curse
 g - a scroll of recharging {unknown}
 h - 5 scrolls of identify {unknown}
 i - a scroll of noise {unknown}
 j - a scroll of teleportation {unknown}
 o - a scroll of fog {unknown}
 p - a scroll of enchant armour {unknown}
 t - 2 scrolls of immolation {unknown}
 w - a scroll of enchant weapon I {unknown}
 x - a scroll of amnesia {unknown}
 y - a scroll of blinking {unknown}
Potions
 l - a potion of paralysis {unknown}
 m - 3 potions of poison {unknown}
 r - a potion of degeneration {unknown}
 u - a potion of curing
 z - a potion of magic {unknown}
 B - a potion of invisibility {unknown}


   Skills:
 + Level 1.0 Fighting
 + Level 0.2 Axes
 + Level 5.6 Crossbows
 + Level 1.7 Armour
 + Level 2.6 Dodging
 + Level 1.2 Stealth


You had 4 spell levels left.
You didn't know any spells.

Dungeon Overview and Level Annotations

Branches:
Dungeon (3/16)

Altars:
Fedhas


Innate Abilities, Weirdness & Mutations

Your are under a permanent stasis effect.
You can dig through walls and to a lower floor.
Your four strong arms can wield any weapon, most with a shield.
You are susceptible to poison.
You have a pair of large antennae on your head (SInv).
Your body is surrounded by an exoskeleton. (HP +5, AC +1)


Message History

Aim: a grey rat (moderately wounded)
You shoot a bolt. The bolt hits the grey rat.
The grey rat is severely wounded.
You hear a splash.
You block the green rat's attack.
The grey rat bites you but does no damage.
The grey rat bites you.
Firing (i - inventory. (,) - cycle):
c - 13 bolts (quivered)
Press: ? - help, Shift-Dir - straight line, f/p - grey rat
Aim: a grey rat (severely wounded)
You shoot a bolt. The bolt hits the grey rat.
You kill the grey rat!
You hear a splash.
The grey rat bites you.
* * * LOW HITPOINT WARNING * * *
The green rat bites you.
* * * LOW HITPOINT WARNING * * *
The grey rat splashes around in the water.
The green rat bites you.
You die...

≈≈≈≈≈≈# #≈≈≈≈≈≈#
≈≈≈≈≈≈# #≈≈≈≈≈≈#
≈≈≈≈≈≈# #≈≈≈≈≈≈#
≈≈≈≈≈≈# #≈≈≈≈≈≈#
≈≈≈%≈≈# #≈≈≈≈≈≈#
≈≈≈≈%≈# #≈≈≈≈≈≈#
≈≈≈≈≈≈# #≈≈≈≈≈≈#
≈≈≈≈≈≈# #≈≈r%≈≈#
....≈.# #.≈@r..#
......## ##......#
#......######......##
#........##........#
##................##
##..............##
###..........###
####....#### ######


You could see a green rat and a grey rat.

Vanquished Creatures
  5 adders
  2 green rats
  7 grey rats (Sewer)
  An orc (D:3)
  2 ball pythons
  10 goblins
  7 hobgoblins
  5 kobolds
  4 bats (D:1)
  2 giant geckos (D:3)
  A giant newt (D:3)
  6 rats
52 creatures vanquished.

Notes
Turn   | Place    | Note
--------------------------------------------------------------
     0 | D:1      | Piginabag, the Formicid Hunter, began the quest for the Orb.
     0 | D:1      | Reached XP level 1. HP: 17/17 MP: 1/1
    31 | D:1      | Reached XP level 2. HP: 21/21 MP: 2/2
   302 | D:1      | Reached XP level 3. HP: 25/25 MP: 3/3
  1613 | D:2      | Found a blossoming altar of Fedhas.
  1636 | D:3      | Reached XP level 4. HP: 30/30 MP: 4/4
  1813 | D:3      | Reached skill level 5 in Crossbows
  1865 | D:3      | Reached skill level 1 in Armour
  1905 | D:3      | Reached XP level 5. HP: 20/34 MP: 5/5
  2095 | D:3      | Found a glowing drain.
  2099 | Sewer    | Entered a sewer
  2231 | Sewer    | Slain by a green rat

Action                   |  1- 3 |  4- 6 || total
-------------------------+-------+-------++-------
Melee: Hand axe          |       |    32 ||    32
 Fire: Crossbow          |    49 |    38 ||    87
  Use: Scroll            |       |     2 ||     2
       Potion            |       |     2 ||     2
